AoeStats
← joahellen22

Arena

507914947Analyzed
1v1 RM · 13d ago on Sep 20, 2026· 53m 21s· 2 players
Game mode
Random Map
Map size
Tiny (2 player)
Population
200
Speed
Normal
Resources
Standard
Victory
Conquest
Starting age
Dark Age
Ending age
Imperial Age
RankedLock teamsTeams togetherTeam positionsShared explorationLock speedFull tech treeHidden civsTurbo modeCheats
Victory
Defeat
🇮🇳 Burmese · India
1000
+43
🇳🇱 Spanish · Netherlands
957
-41
joahellen22
1:11 Loom
13:29 Feudal Age
14:07 Gold Mining
14:07 Double-Bit Axe
14:05 Horse Collar
16:41 Wheelbarrow
16:12 Town Watch
22:53 Castle Age
22:27 Scale Barding Armor
22:38 Forging
22:29 Scale Mail Armor
22:24 Fletching
22:46 Padded Archer Armor
24:02 Bloodlines
24:07 Stone Mining
24:26 Heavy Plow
24:59 Bow Saw
28:43 Inquisition
29:13 Chain Barding Armor
29:09 Chain Mail Armor
29:31 Iron Casting
30:39 Elite Skirmisher
32:37 Leather Archer Armor
32:18 Bodkin Arrow
33:57 Hand Cart
36:04 Town Patrol
36:07 Pikeman
36:48 Squires
36:35 Arson
43:00 Imperial Age
44:27 Supremacy
44:44 Hoardings
43:43 Elite Conquistador
49:13 Onager
morphocosta24
13:53 Feudal Age
18:17 Castle Age
24:11 Husbandry
24:22 Bloodlines
28:43 Man-at-Arms
29:08 Gambesons
29:28 Long Swordsman
30:22 Horse Collar
33:53 Murder Holes
34:25 Pikeman
35:06 Squires
35:16 Heavy Plow
36:36 Wheelbarrow
39:42 Imperial Age
37:13 Arson
39:33 Scale Mail Armor
40:16 Ballistics
39:37 Elite Skirmisher
40:46 Conscription
39:54 Two-Handed Swordsman
39:58 Halberdier
40:46 Champion
41:49 Heavy Scorpion
43:14 Manipur Cavalry
46:15 Chemistry
47:06 Chain Mail Armor
50:50 Fletching
Connection lost

Rejoining the realm…

Still unreachable

The connection could not be restored.

Session expired

The server has moved on; the page needs a fresh start.